[Event "Live Chess"]
[Site "Chess.com"]
[Date "2011.01.29"]
[Round "-"]
[White "Sak_River"]
[Black "hipposcottimus"]
[Result "0-1"]
[CurrentPosition "3rr1k1/ppR3pp/5p2/8/6bP/1P2B1P1/PP3P2/6K1 w - -"]
[Timezone "UTC"]
[ECO "C57"]
[ECOUrl "https://www.chess.com/openings/Italian-Game-Knight-Attack-Polerio-Defense"]
[UTCDate "2011.01.29"]
[UTCTime "19:48:49"]
[WhiteElo "1538"]
[BlackElo "1576"]
[TimeControl "60"]
[Termination "hipposcottimus won on time"]
[StartTime "19:48:49"]
[EndDate "2011.01.29"]
[EndTime "19:50:45"]
[Link "https://www.chess.com/game/live/92708105"]

1. e4 e5 2. Nf3 Nc6 3. Bc4 Nf6 4. Ng5 d5 5. exd5 Na5 6. Bb3 Nxb3 7. cxb3 Nxd5 8. Qf3 Qxg5 9. g3 Be6 10. h4 Qd8 11. O-O Bd6 12. d3 O-O 13. Bg5 f6 14. Be3 Bd7 15. Nc3 Bc6 16. Nxd5 Bc5 17. Qe2 Bxd5 18. Bxc5 Re8 19. Rac1 Be6 20. Be3 Bh3 21. Rfd1 e4 22. dxe4 Qe7 23. Rd5 Qxe4 24. Rd4 Bg4 25. Qd3 Qf3 26. Bf4 Qc6 27. Rd7 Qxd7 28. Qxd7 Bxd7 29. Rxc7 Rad8 30. Be3 Bg4 0-1

[Event "Live Chess"]
[Site "Chess.com"]
[Date "2011.01.29"]
[Round "-"]
[White "akb23"]
[Black "hipposcottimus"]
[Result "0-1"]
[CurrentPosition "6k1/Q5p1/7p/8/5P2/2P1P1P1/3P2KP/8 w - -"]
[Timezone "UTC"]
[ECO "A00"]
[ECOUrl "https://www.chess.com/openings/Kings-Fianchetto-Opening-1...d5-2.Bg2-e5"]
[UTCDate "2011.01.29"]
[UTCTime "19:46:07"]
[WhiteElo "1532"]
[BlackElo "1569"]
[TimeControl "60"]
[Termination "hipposcottimus won on time"]
[StartTime "19:46:07"]
[EndDate "2011.01.29"]
[EndTime "19:48:22"]
[Link "https://www.chess.com/game/live/92707389"]

1. g3 d5 2. Bg2 e5 3. c3 c5 4. Nh3 e4 5. e3 Bxh3 6. Bxh3 Nf6 7. Qb3 c4 8. Qxb7 Nc6 9. Qxc6+ Nd7 10. Bg2 Be7 11. f3 Rc8 12. Qxd5 O-O 13. Qxe4 Nf6 14. Qf4 Bc5 15. Bh3 Bd6 16. Qd4 Rc7 17. f4 Re7 18. b3 Ne4 19. Bb2 f5 20. a4 Kh8 21. Ba3 cxb3 22. Bxd6 Nxd6 23. Na3 b2 24. Rb1 Rb7 25. O-O Qa5 26. Bxf5 Nxf5 27. Qe4 Rbb8 28. Nc4 Qxa4 29. Rf2 Qc2 30. Kg2 Qxb1 31. Qxb1 a5 32. Ne5 a4 33. Nd7 a3 34. Nxb8 Rxb8 35. Rf1 a2 36. Qxa2 Nd6 37. Rb1 Nb5 38. Rxb2 Rb7 39. Qa5 Rb8 40. Rxb5 Re8 41. Rb6 Rf8 42. Qa7 Rg8 43. Rb8 h6 44. Rxg8+ Kxg8 0-1

[Event "Live Chess"]
[Site "Chess.com"]
[Date "2011.01.29"]
[Round "-"]
[White "hipposcottimus"]
[Black "akb23"]
[Result "1/2-1/2"]
[CurrentPosition "8/8/3k4/8/4KR2/8/8/8 w - -"]
[Timezone "UTC"]
[ECO "B06"]
[ECOUrl "https://www.chess.com/openings/Modern-Defense-Gurgenidze-Variation"]
[UTCDate "2011.01.29"]
[UTCTime "19:43:19"]
[WhiteElo "1562"]
[BlackElo "1539"]
[TimeControl "60"]
[Termination "Game drawn by insufficient material"]
[StartTime "19:43:19"]
[EndDate "2011.01.29"]
[EndTime "19:45:52"]
[Link "https://www.chess.com/game/live/92706549"]

1. e4 c6 2. d4 g6 3. c4 Bg7 4. e5 Na6 5. Nf3 e6 6. c5 Ne7 7. Bxa6 bxa6 8. Nc3 Nf5 9. O-O a5 10. Re1 Ba6 11. b3 O-O 12. Bg5 Qe8 13. Bf6 Bxf6 14. exf6 h5 15. Ne5 Qd8 16. f4 Qxf6 17. Nxd7 Qe7 18. Nxf8 Qxf8 19. Qe2 Nxd4 20. Qe5 Nc2 21. Ne4 Nxe1 22. Nf6+ Kg7 23. Nd7+ Kg8 24. Nxf8 Kxf8 25. Qh8+ Ke7 26. Qxa8 Kf6 27. Rxe1 Kf5 28. Qxa7 Bc4 29. Qb6 Bd5 30. Qxa5 Kf6 31. Qd2 Ke7 32. g4 hxg4 33. Qe2 g3 34. hxg3 Kf6 35. f5 gxf5 36. g4 fxg4 37. Qxg4 Ke7 38. Rf1 Kd8 39. Qg5+ Kc7 40. Qf6 Kb7 41. Qxf7+ Ka6 42. Qe7 Kb5 43. Qd6 Kb4 44. a3+ Kxa3 45. Ra1+ Kb4 46. Qxd5 exd5 47. Ra4+ Kxc5 48. Ra5+ Kb4 49. Ra6 Kxb3 50. Rxc6 Kb4 51. Rd6 Kc4 52. Rd8 d4 53. Kg2 d3 54. Kf2 Kc3 55. Ke3 d2 56. Rxd2 Kb4 57. Rd3 Kc5 58. Rd4 Kb5 59. Kd3 Kc5 60. Re4 Kb5 61. Rf4 Kc5 62. Rf5+ Kb4 63. Rf4+ Kb3 64. Rf3 Kb4 65. Ke4 Kc5 66. Rf4 Kd6 1/2-1/2

[Event "Live Chess"]
[Site "Chess.com"]
[Date "2011.01.29"]
[Round "-"]
[White "hipposcottimus"]
[Black "sham1308"]
[Result "1-0"]
[CurrentPosition "4R1kr/p2p1ppp/3B4/7n/r7/2P2Q2/PP4PP/6K1 b - -"]
[Timezone "UTC"]
[ECO "B00"]
[ECOUrl "https://www.chess.com/openings/Kings-Pawn-Opening"]
[UTCDate "2011.01.29"]
[UTCTime "19:41:02"]
[WhiteElo "1563"]
[BlackElo "1479"]
[TimeControl "60"]
[Termination "hipposcottimus won by checkmate"]
[StartTime "19:41:02"]
[EndDate "2011.01.29"]
[EndTime "19:42:57"]
[Link "https://www.chess.com/game/live/92705870"]

1. e4 b5 2. d4 c5 3. Bxb5 cxd4 4. Qxd4 Ba6 5. Bxa6 Nxa6 6. Nc3 Rc8 7. Nf3 Nc5 8. O-O Qb6 9. Nd5 Qg6 10. Ne5 Qe6 11. Nf4 Qd6 12. Nd5 e6 13. Nc4 exd5 14. Nxd6+ Bxd6 15. Qxd5 Rc6 16. f4 Ne7 17. Qd1 Bxf4 18. Bxf4 Nxe4 19. Qf3 Rc4 20. c3 Ra4 21. Rae1 Nf6 22. Bc7 Nh5 23. Rxe7+ Kxe7 24. Re1+ Kf8 25. Bd6+ Kg8 26. Re8# 1-0

[Event "Live Chess"]
[Site "Chess.com"]
[Date "2011.01.29"]
[Round "-"]
[White "sham1308"]
[Black "hipposcottimus"]
[Result "0-1"]
[CurrentPosition "1r4k1/p6p/6p1/3q4/4N3/3K4/P3N3/R5R1 w - -"]
[Timezone "UTC"]
[ECO "C20"]
[ECOUrl "https://www.chess.com/openings/Kings-Pawn-Opening-MacLeod-Attack"]
[UTCDate "2011.01.29"]
[UTCTime "19:38:44"]
[WhiteElo "1485"]
[BlackElo "1557"]
[TimeControl "60"]
[Termination "hipposcottimus won on time"]
[StartTime "19:38:44"]
[EndDate "2011.01.29"]
[EndTime "19:40:45"]
[Link "https://www.chess.com/game/live/92705108"]

1. e4 e5 2. c3 Nc6 3. b4 Nf6 4. b5 Ne7 5. f3 c6 6. g4 cxb5 7. g5 Nh5 8. Bxb5 Nf4 9. d3 Nc6 10. Bxf4 exf4 11. Bxc6 bxc6 12. Nh3 Be7 13. Nxf4 d6 14. h4 O-O 15. Nh5 g6 16. Ng3 f6 17. f4 fxg5 18. hxg5 Bxg5 19. fxg5 Qxg5 20. Rg1 Qe3+ 21. Ne2 Qf2+ 22. Kd2 Ba6 23. c4 d5 24. exd5 cxd5 25. Nc3 dxc4 26. Ne4 c3+ 27. Kxc3 Rac8+ 28. Kb3 Qf7+ 29. Kb2 Rb8+ 30. Kc1 Rfc8+ 31. Kd2 Rd8 32. Qb3 Rxd3+ 33. Qxd3 Bxd3 34. Kxd3 Qd5+ 0-1

[Event "Live Chess"]
[Site "Chess.com"]
[Date "2011.01.29"]
[Round "-"]
[White "hipposcottimus"]
[Black "WhatMove"]
[Result "1-0"]
[CurrentPosition "4r3/p1p2k1p/2p3p1/4PpR1/2PK4/8/PP5P/8 b - -"]
[Timezone "UTC"]
[ECO "A06"]
[ECOUrl "https://www.chess.com/openings/Reti-Opening-Tennison-Gambit"]
[UTCDate "2011.01.29"]
[UTCTime "19:34:59"]
[WhiteElo "1548"]
[BlackElo "1703"]
[TimeControl "60"]
[Termination "hipposcottimus won on time"]
[StartTime "19:34:59"]
[EndDate "2011.01.29"]
[EndTime "19:37:00"]
[Link "https://www.chess.com/game/live/92703973"]

1. e4 d5 2. Nf3 dxe4 3. Ng5 Bf5 4. f3 e5 5. fxe4 Qxg5 6. exf5 Qxf5 7. d3 Bc5 8. Be2 Qf2+ 9. Kd2 Be3+ 10. Kc3 Nc6 11. Rf1 Bd4+ 12. Kb3 Qxg2 13. Bf3 Qh3 14. Bxc6+ bxc6 15. Qf3 Qe6+ 16. c4 Rb8+ 17. Kc2 Nf6 18. Bg5 O-O 19. Nc3 e4 20. Rfe1 Bxc3 21. Kxc3 Qe5+ 22. d4 Qxg5 23. Qf2 Qh5 24. Rg1 Qh3+ 25. Qg3 Qxg3+ 26. Rxg3 e3 27. Rag1 g6 28. Kd3 Ne4 29. Rxe3 Rbe8 30. Rxe4 f5 31. Re5 Rxe5 32. dxe5 Re8 33. Kd4 Kf7 34. Rg5 1-0

[Event "Live Chess"]
[Site "Chess.com"]
[Date "2011.01.28"]
[Round "-"]
[White "hipposcottimus"]
[Black "AmadouCeesay"]
[Result "0-1"]
[CurrentPosition "rn3rk1/pb4pp/1p3n2/2P5/N1Pp4/P2Pp3/2Q1B1qP/R1B2RK1 w - -"]
[Timezone "UTC"]
[ECO "B00"]
[ECOUrl "https://www.chess.com/openings/Owens-Defense"]
[UTCDate "2011.01.28"]
[UTCTime "23:47:01"]
[WhiteElo "1548"]
[BlackElo "1570"]
[TimeControl "60"]
[Termination "AmadouCeesay won by checkmate"]
[StartTime "23:47:01"]
[EndDate "2011.01.28"]
[EndTime "23:48:14"]
[Link "https://www.chess.com/game/live/92431126"]

1. e4 b6 2. c4 Bb7 3. f3 e5 4. Ne2 Bc5 5. f4 f6 6. fxe5 fxe5 7. Nbc3 Bd4 8. Na4 Nf6 9. Nxd4 exd4 10. Qe2 Qe7 11. d3 O-O 12. Qd2 c6 13. Be2 d5 14. O-O dxe4 15. b3 e3 16. Qc2 c5 17. a3 Qd7 18. b4 Qc6 19. bxc5 Qxg2# 0-1

[Event "Live Chess"]
[Site "Chess.com"]
[Date "2011.01.28"]
[Round "-"]
[White "AmadouCeesay"]
[Black "hipposcottimus"]
[Result "0-1"]
[CurrentPosition "r4rk1/2P1b1pp/pP6/3Nn3/2PpPp2/3P1Pp1/6Kq/R1BQ1R2 w - -"]
[Timezone "UTC"]
[ECO "A00"]
[ECOUrl "https://www.chess.com/openings/Kings-Fianchetto-Opening-1...e5-2.Bg2-d5"]
[UTCDate "2011.01.28"]
[UTCTime "23:44:54"]
[WhiteElo "1562"]
[BlackElo "1556"]
[TimeControl "60"]
[Termination "hipposcottimus won by checkmate"]
[StartTime "23:44:54"]
[EndDate "2011.01.28"]
[EndTime "23:46:24"]
[Link "https://www.chess.com/game/live/92430703"]

1. g3 e5 2. Bg2 d5 3. e3 c5 4. Ne2 f5 5. O-O b5 6. b3 Nf6 7. Bb2 Nc6 8. d3 Be7 9. Nd2 O-O 10. c4 d4 11. e4 f4 12. f3 Nh5 13. a4 fxg3 14. h3 Nf4 15. Nxf4 exf4 16. Bc1 Ne5 17. Nb1 Bh4 18. axb5 Bb7 19. Na3 Qc8 20. Nc2 a6 21. b6 Bc6 22. b4 Bd7 23. bxc5 Bxh3 24. Nb4 Bxg2 25. Kxg2 Be7 26. Nd5 Qe6 27. c6 Qh6 28. c7 Qh2# 0-1

[Event "Live Chess"]
[Site "Chess.com"]
[Date "2011.01.28"]
[Round "-"]
[White "hipposcottimus"]
[Black "AmadouCeesay"]
[Result "0-1"]
[CurrentPosition "8/ppp2pp1/5k1p/3P4/1PP2P2/P2r4/6PP/4R1K1 w - -"]
[Timezone "UTC"]
[ECO "B01"]
[ECOUrl "https://www.chess.com/openings/Scandinavian-Defense-2.exd5"]
[UTCDate "2011.01.28"]
[UTCTime "23:42:35"]
[WhiteElo "1547"]
[BlackElo "1571"]
[TimeControl "60"]
[Termination "AmadouCeesay won on time"]
[StartTime "23:42:35"]
[EndDate "2011.01.28"]
[EndTime "23:44:45"]
[Link "https://www.chess.com/game/live/92430074"]

1. e4 d5 2. exd5 Bd7 3. Nf3 Nf6 4. c4 e6 5. Nc3 e5 6. Nxe5 Bb4 7. Be2 O-O 8. O-O Qe7 9. Nxd7 Qxd7 10. Bf3 Bxc3 11. dxc3 Qf5 12. Be3 Ne4 13. Qd4 Nf6 14. Qh4 Qg6 15. Bg5 Nbd7 16. Bg4 Nxg4 17. Qxg4 Nf6 18. Qg3 h6 19. Bxf6 Qxf6 20. Qe3 Rfe8 21. Qd4 Qxd4 22. cxd4 Re4 23. f4 Rxd4 24. b3 Re8 25. Rae1 Kf8 26. Rxe8+ Kxe8 27. Re1+ Kd8 28. Rf1 Rd2 29. Ra1 Kd7 30. a3 Kd6 31. b4 Ke7 32. Rc1 Kf6 33. Re1 Rd3 0-1

[Event "Live Chess"]
[Site "Chess.com"]
[Date "2011.01.28"]
[Round "-"]
[White "AmadouCeesay"]
[Black "hipposcottimus"]
[Result "0-1"]
[CurrentPosition "R7/6pp/1r4k1/3b1p2/2pPpP2/2p1P1PP/8/3B2K1 w - -"]
[Timezone "UTC"]
[ECO "A00"]
[ECOUrl "https://www.chess.com/openings/Kings-Fianchetto-Opening-1...e5-2.Bg2-d5"]
[UTCDate "2011.01.28"]
[UTCTime "23:40:14"]
[WhiteElo "1563"]
[BlackElo "1555"]
[TimeControl "60"]
[Termination "hipposcottimus won on time"]
[StartTime "23:40:14"]
[EndDate "2011.01.28"]
[EndTime "23:42:12"]
[Link "https://www.chess.com/game/live/92429496"]

1. g3 e5 2. Bg2 d5 3. e3 c6 4. Ne2 f5 5. O-O Nf6 6. d4 e4 7. Nf4 Bb4 8. c3 Bd6 9. b4 Bxf4 10. exf4 O-O 11. Be3 Nbd7 12. a4 Nb6 13. Nd2 Nc4 14. Nxc4 dxc4 15. b5 Qd5 16. Qe2 cxb5 17. axb5 Qxb5 18. Rfb1 Qd5 19. Bf1 Ng4 20. h3 Nxe3 21. fxe3 Be6 22. Rb4 b5 23. Ra5 a6 24. Qa2 Rf6 25. Rbxb5 axb5 26. Rxa8+ Kf7 27. Qa7+ Kg6 28. Be2 b4 29. Qc5 bxc3 30. Qxd5 Bxd5 31. Bd1 Rb6 0-1

[Event "Live Chess"]
[Site "Chess.com"]
[Date "2011.01.28"]
[Round "-"]
[White "hipposcottimus"]
[Black "AmadouCeesay"]
[Result "1-0"]
[CurrentPosition "1Q2kb2/p1r1np1r/3R1B1p/6p1/4P3/2P5/PP3PPP/2K4R b - -"]
[Timezone "UTC"]
[ECO "C50"]
[ECOUrl "https://www.chess.com/openings/Italian-Game-3...d6-4.d4-exd4-5.Nxd4"]
[UTCDate "2011.01.28"]
[UTCTime "23:38:40"]
[WhiteElo "1546"]
[BlackElo "1572"]
[TimeControl "60"]
[Termination "hipposcottimus won on time"]
[StartTime "23:38:40"]
[EndDate "2011.01.28"]
[EndTime "23:39:53"]
[Link "https://www.chess.com/game/live/92429037"]

1. e4 e5 2. Nf3 Nc6 3. Bc4 d6 4. d4 exd4 5. Nxd4 Nxd4 6. Qxd4 Be6 7. Nc3 Bxc4 8. Qxc4 Qd7 9. Nd5 Qc6 10. Nxc7+ Qxc7 11. Qxc7 Ne7 12. Qxb7 Rc8 13. c3 Kd8 14. Bg5 g6 15. Bh4 h6 16. Bf6 Rh7 17. O-O-O g5 18. Rd5 Rc7 19. Rxd6+ Ke8 20. Qb8+ 1-0

[Event "Live Chess"]
[Site "Chess.com"]
[Date "2011.01.28"]
[Round "-"]
[White "AmadouCeesay"]
[Black "hipposcottimus"]
[Result "1-0"]
[CurrentPosition "6k1/p1p3p1/1p6/3pN3/3P2pr/2P2p2/PP3Kp1/8 b - -"]
[Timezone "UTC"]
[ECO "A00"]
[ECOUrl "https://www.chess.com/openings/Kings-Fianchetto-Opening-1...e5-2.Bg2-d5"]
[UTCDate "2011.01.28"]
[UTCTime "23:35:48"]
[WhiteElo "1581"]
[BlackElo "1537"]
[TimeControl "60"]
[Termination "AmadouCeesay won on time"]
[StartTime "23:35:48"]
[EndDate "2011.01.28"]
[EndTime "23:38:03"]
[Link "https://www.chess.com/game/live/92428407"]

1. g3 e5 2. Bg2 d5 3. e3 e4 4. Ne2 f5 5. O-O Nf6 6. Nf4 Nc6 7. d4 Bd6 8. c3 O-O 9. Nd2 Bxf4 10. exf4 Nh5 11. Nb3 Nf6 12. Nc5 b6 13. Nb3 Ba6 14. Re1 Qe8 15. Bf1 Qg6 16. Bxa6 Ng4 17. Be2 Qh5 18. Bxg4 fxg4 19. Be3 Rf6 20. Qe2 Rh6 21. h4 gxh3 22. Qxh5 Rxh5 23. Kh2 Ne7 24. g4 Rh4 25. Rg1 Ng6 26. Rg3 Rf8 27. Rag1 Nxf4 28. Bxf4 Rxf4 29. f3 exf3 30. Rf1 Re4 31. Rf2 h5 32. Nc1 hxg4 33. Nd3 Re2 34. Ne5 Rxf2+ 35. Kg1 Rg2+ 36. Rxg2 hxg2 37. Kf2 1-0

[Event "Live Chess"]
[Site "Chess.com"]
[Date "2011.01.28"]
[Round "-"]
[White "AmadouCeesay"]
[Black "hipposcottimus"]
[Result "1-0"]
[CurrentPosition "4k3/4P3/2p3p1/2p2pK1/p1P2P1P/P7/1P2R3/8 b - c3"]
[Timezone "UTC"]
[ECO "C30"]
[ECOUrl "https://www.chess.com/openings/Kings-Gambit-Declined-Queens-Knight-Defense-3.Nf3"]
[UTCDate "2011.01.28"]
[UTCTime "23:32:49"]
[WhiteElo "1566"]
[BlackElo "1552"]
[TimeControl "60"]
[Termination "AmadouCeesay won on time"]
[StartTime "23:32:49"]
[EndDate "2011.01.28"]
[EndTime "23:35:02"]
[Link "https://www.chess.com/game/live/92427710"]

1. e4 e5 2. f4 Nc6 3. Nf3 d5 4. d3 dxe4 5. dxe4 Qxd1+ 6. Kxd1 Nb4 7. a3 Nc6 8. Bb5 Nf6 9. Bxc6+ bxc6 10. Nc3 Bd6 11. fxe5 Nxe4 12. Nxe4 Be7 13. Bg5 Bg4 14. Bxe7 Bxf3+ 15. gxf3 Kxe7 16. f4 Rad8+ 17. Ke2 Rd4 18. Ke3 Rhd8 19. Rhe1 g6 20. Re2 f5 21. Nf6 Kf7 22. Kf3 c5 23. Nxh7 Kg7 24. Ng5 Kh6 25. Ne6 Kh5 26. Nxd8 Rxd8 27. e6 Re8 28. e7 Kh6 29. Rd1 Kg7 30. Rd8 Kf7 31. Rxe8 Kxe8 32. Kg3 c6 33. Kh4 a6 34. Kg5 a5 35. h4 a4 36. c4 1-0

[Event "Live Chess"]
[Site "Chess.com"]
[Date "2011.01.28"]
[Round "-"]
[White "hipposcottimus"]
[Black "AmadouCeesay"]
[Result "1-0"]
[CurrentPosition "4r2k/ppp4p/3p2p1/6q1/3Q4/1P2N3/P1P2rPP/6RK b - -"]
[Timezone "UTC"]
[ECO "C50"]
[ECOUrl "https://www.chess.com/openings/Italian-Game-3...d6-4.d4-exd4-5.Nxd4"]
[UTCDate "2011.01.28"]
[UTCTime "23:30:24"]
[WhiteElo "1560"]
[BlackElo "1558"]
[TimeControl "60"]
[Termination "hipposcottimus won on time"]
[StartTime "23:30:24"]
[EndDate "2011.01.28"]
[EndTime "23:32:23"]
[Link "https://www.chess.com/game/live/92427069"]

1. e4 e5 2. Nf3 Nc6 3. Bc4 d6 4. d4 exd4 5. Nxd4 Be6 6. Nxe6 fxe6 7. Bxe6 Qe7 8. Bd5 Nf6 9. Nc3 Nxd5 10. Nxd5 Qxe4+ 11. Ne3 Be7 12. O-O O-O 13. Re1 Qg6 14. Ng4 Bg5 15. Qe2 Bxc1 16. Raxc1 Rae8 17. Qc4+ Kh8 18. Ne3 Rf6 19. b3 Ne5 20. Qe2 Nf3+ 21. Kh1 Nxe1 22. Rxe1 Qg5 23. Qd3 g6 24. Rg1 Rxf2 25. Qd4+ 1-0

[Event "Live Chess"]
[Site "Chess.com"]
[Date "2011.01.28"]
[Round "-"]
[White "SSchach"]
[Black "hipposcottimus"]
[Result "0-1"]
[CurrentPosition "r4rk1/pbpp2p1/1p1n3p/8/3qp3/P2P2PQ/1PB5/1K1R3R w - -"]
[Timezone "UTC"]
[ECO "C65"]
[ECOUrl "https://www.chess.com/openings/Ruy-Lopez-Opening-Berlin-Defense"]
[UTCDate "2011.01.28"]
[UTCTime "23:27:32"]
[WhiteElo "1519"]
[BlackElo "1552"]
[TimeControl "60"]
[Termination "hipposcottimus won on time"]
[StartTime "23:27:32"]
[EndDate "2011.01.28"]
[EndTime "23:29:40"]
[Link "https://www.chess.com/game/live/92426395"]

1. e4 e5 2. Nf3 Nc6 3. Bb5 Nf6 4. c3 Nxe4 5. d3 Nd6 6. Ba4 f6 7. Be3 Be7 8. Nbd2 O-O 9. a3 b6 10. Bc2 Bb7 11. Nf1 f5 12. h4 e4 13. Nd4 Bxh4 14. g3 f4 15. Bxf4 Bg5 16. Qh5 h6 17. Bxg5 Qxg5 18. Qh3 Nxd4 19. cxd4 Qf6 20. O-O-O Qxf2 21. Ne3 Qxe3+ 22. Kb1 Qxd4 0-1

[Event "Live Chess"]
[Site "Chess.com"]
[Date "2011.01.28"]
[Round "-"]
[White "hipposcottimus"]
[Black "SSchach"]
[Result "1-0"]
[CurrentPosition "rb6/3R2pk/pp2B2p/5P2/P7/1P6/6K1/4R3 b - -"]
[Timezone "UTC"]
[ECO "B20"]
[ECOUrl "https://www.chess.com/openings/Sicilian-Defense"]
[UTCDate "2011.01.28"]
[UTCTime "23:24:49"]
[WhiteElo "1552"]
[BlackElo "1519"]
[TimeControl "60"]
[Termination "hipposcottimus won on time"]
[StartTime "23:24:49"]
[EndDate "2011.01.28"]
[EndTime "23:27:01"]
[Link "https://www.chess.com/game/live/92425685"]

1. e4 c5 2. Bb5 Nc6 3. Be2 e6 4. c4 a6 5. d3 Bd6 6. a4 b6 7. b3 Bb7 8. f4 Nge7 9. Nf3 h6 10. e5 Bb8 11. O-O d6 12. d4 Nxd4 13. Nxd4 cxd4 14. Qxd4 d5 15. Nc3 Ba7 16. Kh1 O-O 17. cxd5 Nxd5 18. Ne4 f5 19. exf6 Rxf6 20. Nxf6+ Qxf6 21. Bg4 Qxd4 22. Bxe6+ Kh8 23. f5 Ne3 24. Bxe3 Qxe3 25. Rfe1 Qf4 26. Rad1 Qxh2+ 27. Kxh2 Bb8+ 28. Kh1 Kh7 29. Rd7 Bxg2+ 30. Kxg2 1-0

[Event "Live Chess"]
[Site "Chess.com"]
[Date "2011.01.28"]
[Round "-"]
[White "hipposcottimus"]
[Black "Renidadam"]
[Result "0-1"]
[CurrentPosition "7r/p1k1bppp/4p3/4P3/K1N2P2/2r5/8/8 w - -"]
[Timezone "UTC"]
[ECO "B20"]
[ECOUrl "https://www.chess.com/openings/Sicilian-Defense"]
[UTCDate "2011.01.28"]
[UTCTime "23:21:20"]
[WhiteElo "1552"]
[BlackElo "1663"]
[TimeControl "60"]
[Termination "Renidadam won on time"]
[StartTime "23:21:20"]
[EndDate "2011.01.28"]
[EndTime "23:23:35"]
[Link "https://www.chess.com/game/live/92424835"]

1. e4 c5 2. Bb5 Nc6 3. Bxc6 bxc6 4. c4 Qa5 5. Nc3 Qb4 6. a3 Qxc4 7. d3 Qe6 8. f4 d5 9. Nf3 dxe4 10. dxe4 c4 11. O-O Ba6 12. Be3 Nf6 13. Nd4 Qg4 14. e5 Qxd1 15. Rfxd1 Nd5 16. Re1 Nxe3 17. Rxe3 Bb7 18. b3 e6 19. bxc4 Bc5 20. Rd1 O-O-O 21. Red3 Ba6 22. Kf1 Bxc4 23. Nxc6 Rxd3 24. Rd2 Rxd2+ 25. Ke1 Rc2 26. Ne7+ Kc7 27. Na4 Bxe7 28. Kd1 Ra2 29. Kc1 Rxa3 30. Nb2 Rc3+ 31. Kb1 Bb3 32. Nd1 Rd3 33. Nf2 Rc3 34. Kb2 Re3 35. Ng4 Re2+ 36. Kxb3 Rxg2 37. Ne3 Rxh2 38. Nc4 Rh3+ 39. Ka4 Rc3 0-1

[Event "Live Chess"]
[Site "Chess.com"]
[Date "2011.01.28"]
[Round "-"]
[White "Renidadam"]
[Black "hipposcottimus"]
[Result "0-1"]
[CurrentPosition "6k1/p1p3pp/1p6/5r2/8/6K1/PP4PP/3q4 w - -"]
[Timezone "UTC"]
[ECO "C20"]
[ECOUrl "https://www.chess.com/openings/Kings-Pawn-Opening-1...e5"]
[UTCDate "2011.01.28"]
[UTCTime "23:18:48"]
[WhiteElo "1657"]
[BlackElo "1558"]
[TimeControl "60"]
[Termination "hipposcottimus won on time"]
[StartTime "23:18:48"]
[EndDate "2011.01.28"]
[EndTime "23:20:59"]
[Link "https://www.chess.com/game/live/92424176"]

1. e4 e5 2. Be2 Nc6 3. d3 Nf6 4. Be3 d5 5. exd5 Nxd5 6. Bd2 Bc5 7. Nf3 O-O 8. c4 Nde7 9. O-O f5 10. Nc3 e4 11. dxe4 Nd4 12. exf5 Nxf3+ 13. Bxf3 Nxf5 14. Qe2 Re8 15. Be3 Nd4 16. Qd1 Nxf3+ 17. Qxf3 Bxe3 18. fxe3 b6 19. Qf8+ Rxf8 20. Rxf8+ Qxf8 21. Rf1 Qc5 22. Ne4 Qxe3+ 23. Nf2 Qe2 24. Ng4 Qxc4 25. Ne3 Qd3 26. Nd1 Ba6 27. Re1 Qd2 28. Rf1 Bxf1 29. Kxf1 Qxd1+ 30. Kf2 Rf8+ 31. Kg3 Rf5 0-1

[Event "Live Chess"]
[Site "Chess.com"]
[Date "2011.01.28"]
[Round "-"]
[White "hipposcottimus"]
[Black "JetFire"]
[Result "1-0"]
[CurrentPosition "1Q3k2/8/5Kp1/5pr1/8/8/P5PP/8 b - -"]
[Timezone "UTC"]
[ECO "B52"]
[ECOUrl "https://www.chess.com/openings/Sicilian-Defense-Canal-Main-Line"]
[UTCDate "2011.01.28"]
[UTCTime "23:15:45"]
[WhiteElo "1546"]
[BlackElo "1627"]
[TimeControl "60"]
[Termination "hipposcottimus won by checkmate"]
[StartTime "23:15:45"]
[EndDate "2011.01.28"]
[EndTime "23:18:00"]
[Link "https://www.chess.com/game/live/92423425"]

1. e4 c5 2. Nf3 d6 3. Bb5+ Bd7 4. Bc4 Bc6 5. Ng5 e6 6. Qf3 Nf6 7. e5 dxe5 8. d3 Bd6 9. O-O Bxf3 10. Ne4 Bxe4 11. dxe4 Nxe4 12. f3 Nf6 13. Nc3 O-O 14. Nb5 Nc6 15. Nxd6 Qxd6 16. Be3 e4 17. c3 exf3 18. Rxf3 Ng4 19. Bf4 Qd8 20. Bb5 Qh4 21. Bg3 Qg5 22. Raf1 a6 23. Bd6 Rfd8 24. Bxc6 Rxd6 25. Bxb7 Rad8 26. Be4 Ne3 27. Rg3 Qe5 28. Rxe3 Rd1 29. Bxh7+ Kxh7 30. Rxe5 f6 31. Rxe6 R1d6 32. Rfe1 Rxe6 33. Rxe6 Rg8 34. Kf2 Kg6 35. Rxa6 Kf7 36. Rc6 g6 37. Rxc5 f5 38. Rc7+ Kf8 39. b4 Rg7 40. b5 Rxc7 41. b6 Rxc3 42. b7 Rc2+ 43. Ke3 Rc3+ 44. Kf4 Rc4+ 45. Kg5 Rg4+ 46. Kf6 Rg5 47. b8=Q# 1-0

[Event "Live Chess"]
[Site "Chess.com"]
[Date "2011.01.28"]
[Round "-"]
[White "JetFire"]
[Black "hipposcottimus"]
[Result "1-0"]
[CurrentPosition "r6k/p6p/1p1b1Rn1/2p5/3P2p1/3q3P/P2B1QP1/5RK1 b - -"]
[Timezone "UTC"]
[ECO "C31"]
[ECOUrl "https://www.chess.com/openings/Kings-Gambit-Declined-Falkbeer-Accepted-Staunton-Charousek-Gambit-4...Nf6-5.Nc3"]
[UTCDate "2011.01.28"]
[UTCTime "23:13:31"]
[WhiteElo "1636"]
[BlackElo "1535"]
[TimeControl "60"]
[Termination "JetFire won on time"]
[StartTime "23:13:31"]
[EndDate "2011.01.28"]
[EndTime "23:15:28"]
[Link "https://www.chess.com/game/live/92422867"]

1. e4 e5 2. f4 d5 3. exd5 e4 4. Nc3 Nf6 5. d3 Nxd5 6. d4 Nxc3 7. bxc3 Bf5 8. Bc4 Bd6 9. Ne2 O-O 10. O-O Bg4 11. Qe1 Kh8 12. Ng3 f5 13. Rb1 Qe8 14. Be2 b6 15. Bxg4 fxg4 16. Nxe4 Nc6 17. Be3 Ne7 18. Ng3 Ng6 19. f5 Nh4 20. f6 gxf6 21. Nh5 Ng6 22. Nxf6 Rxf6 23. Rxf6 Qc6 24. Qf2 Qxc3 25. Re1 Qxc2 26. Bd2 Qd3 27. Rf1 c5 28. h3 1-0